Match 46740603
Unlisted

Match 46740603
End
Scout Squad
Selects Airborne Battlegroup
Selects Heavy Machine Gun Paradrop
Heavy Machine Gun Paradrop
Construct Weapon Support Center
Bazooka Squad
Air Support Center
Heavy Machine Gun Paradrop
P-47 Dive Bomb
M3 Armored Personnel Carrier
Selects Paratrooper Squad Paradrop
Improved M9 Bazooka Rockets
P-47 Strafing Run
Paratrooper Squad Paradrop
Construct Motor Pool
M8 Greyhound Armored Car
P-47 Strafing Run
M8 Greyhound Armored Car
Selects Anti-tank Gun Team Paradrop
Selects Recon Loiter
Recon Loiter
Air Supply
Double Sortie
Engineer Squad
Grasshopper Recon Run
Anti-tank Gun Team Paradrop
Grasshopper Recon Run
Improved Aircraft Armor
P-47 Dive Bomb
P-47 Strafing Run
书签SQ
Narco
yylyoo
GODOKGAME
Seablaze
TrendyStream9
Tatari◑。
飞云
0
0

Comments sign in to comment!

No comments posted yet!